 Dungeon Crawl Stone Soup version 0.22-a0-292-g0df9d5f (webtiles) character file.

158 vishdafish the Covered (level 5, -3/33 HPs)
             Began as a Gargoyle Fighter on Mar 23, 2018.
             Slain by a gnoll
             ... wielding a +0 halberd
              (12 damage)
             ... on level 3 of the Dungeon.
             The game lasted 00:02:59 (2206 turns).

vishdafish the Covered (Gargoyle Fighter)           Turns: 2206, Time: 00:03:00

Health: -3/33      AC: 11    Str: 24    XL:     5   Next: 39%
Magic:  5/5        EV:  8    Int: 10    God:
Gold:   135        SH:  9    Dex:  9    Spells: 4/4 levels left

rFire    . . .     SeeInvis .   a - +0 trident
rCold    . . .     Gourm    .   c - +0 shield
rNeg     + . .     Faith    .   b - +0 scale mail
rPois    ∞         Spirit   .   (no helmet)
rElec    +         Reflect  .   (no cloak)
rCorr    .         Harm     .   (no gloves)
MR       .....                  (no boots)
Stlth    ..........             (no amulet)
HPRegen  0.11/turn              (no ring)
MPRegen  0.09/turn              (no ring)

@: mighty
A: negative energy resistance 1, electricity resistance, unbreathing,
petrification resistance, rot immunity, AC +4
a: no special abilities


You were on level 3 of the Dungeon.
You were near starving.

You visited 1 branch of the dungeon, and saw 3 of its levels.

You collected 135 gold pieces.

Inventory:

Hand Weapons
 a - a +0 trident (weapon)
Armour
 b - a +0 scale mail (worn)
 c - a +0 shield (worn)
Scrolls
 e - 2 scrolls of noise {unknown}
 g - 2 scrolls of identify {unknown}
 i - a scroll of fear {unknown}
 j - a scroll of remove curse {unknown}
 k - a scroll of blinking {unknown}
Potions
 h - a potion of flight {unknown}
Comestibles
 f - 10 rations


   Skills:
 + Level 3.9 Fighting
 + Level 3.2 Polearms
 + Level 4.0 Armour
 + Level 1.2 Dodging
 + Level 0.2 Stealth
 + Level 4.0 Shields


You had 4 spell levels left.
You didn't know any spells.

Dungeon Overview and Level Annotations

Branches:
Dungeon (3/15)

Altars:


Innate Abilities, Weirdness & Mutations

You are resistant to torment.
Your stone body is resilient. (AC +4)
You are immune to poison.
You resist negative energy. (rN+)
You are resistant to electric shocks. (rElec)
You can survive without breathing.
You are immune to petrification.
You are immune to rotting.


Message History

The gnoll hits you with a vampiric spear.
You hit the gnoll but do no damage.
The gnoll is moderately wounded.
You block the bat's attack. You block the gnoll's attack.
The gnoll hits you but does no damage.
You hit the gnoll.
The gnoll is heavily wounded.
You block the bat's attack. The bat hits you but does no damage.
You block the gnoll's attack. The gnoll hits you but does no damage.
You puncture the gnoll!
You kill the gnoll!
You block the bat's attack. The gnoll barely misses you.
You hit the gnoll but do no damage. You block the bat's attack.
The gnoll hits you with a halberd!
* * * LOW HITPOINT WARNING * * *
You hit the gnoll but do no damage. You block the bat's attack.
The gnoll closely misses you.
You feel very mighty all of a sudden. You block the bat's attack.
The gnoll hits you with a halberd!
You die...

## ..###
###.#..
...#.#
#..#.#
###..#.#
#....#.#
#b)÷.#
#@g(.#
###(#).....
..# .....
...+ ...?
^#### .##
.. # ##


You could see a gnoll and a bat.

Vanquished Creatures
  3 gnolls (D:3)
  5 adders (D:2)
  2 oozes (D:2)
  2 dart slugs
  3 leopard geckos (D:1)
  4 bats
  3 giant cockroaches
  5 goblins
  2 hobgoblins (D:2)
  10 jackals
  8 kobolds
  A quokka (D:2)
  3 frilled lizards
  26 rats
77 creatures vanquished.

Notes
Turn   | Place    | Note
-------+----------+-------------------------------------------
     0 | D:1      | vishdafish the Gargoyle Fighter began the quest for the Orb.
     0 | D:1      | Reached XP level 1. HP: 14/14 MP: 1/1
   161 | D:1      | Reached XP level 2. HP: 9/19 MP: 2/2
   647 | D:1      | Reached XP level 3. HP: 23/23 MP: 3/3
  1325 | D:2      | Reached XP level 4. HP: 25/29 MP: 4/4
  1671 | D:2      | Reached skill level 1 in Dodging
  1914 | D:2      | Reached XP level 5. HP: 33/33 MP: 5/5
  2206 | D:3      | Slain by a gnoll

Vault maps used:
D:1:      dpeg_arrival_ternary, grunt_decor_resistance
D:2:      minmay_rat_hole
D:3:      okawaru_gym_becter, minitemple, amethyst_overflow_temple_binary,
          first_ration, chequers_ecumenical_altar_simple_redux,
          portal_sewer_entry_f

Skill      XL: |  1  2  3  4  5 |
---------------+----------------+-----
Polearms       | 2 3 |  3.2
Dodging        | 1 |  1.2
Armour         | 4 |  4.0
Shields        | 4 |  4.0
Fighting       | |  3.9
Stealth        | |  0.2

Action                   |  1- 3 |  4- 6 || total
-------------------------+-------+-------++-------
Melee: Trident           |   123 |   168 ||   291
  Use: Potion            |       |     1 ||     1
  Eat: Chunk             |     1 |     2 ||     3
Armor: Scale mail        |    55 |   118 ||   173
Dodge: Dodged            |    27 |    66 ||    93
Block: Shield            |    62 |   112 ||   174

Table legend:
 A = Spawn XP
 B = Non-spawn XP
 C = Spawn XP percentage of total XP
 D = Spawn monster count
 E = Non-spawn monster count
 F = Spawn count percentage of total count
 G = Total turns spent on level
                    A         B        C        D         E        F      G
               +---------+---------+-------+---------+---------+-------+---------
         Total |       0 |     226 |   0.0 |       0 |      77 |   0.0 |  2206
               +---------+---------+-------+---------+---------+-------+---------
           D:1 |       0 |      47 |   0.0 |       0 |      23 |   0.0 |  1161
           D:2 |       0 |     133 |   0.0 |       0 |      49 |   0.0 |  1002
           D:3 |       0 |      46 |   0.0 |       0 |       5 |   0.0 |    43
               +---------+---------+-------+---------+---------+-------+---------
